Blackhawks vs Blues
Created - 11 décembre 2016 at 06:44
Goals
|
| Blackhawks |
2 |
2 |
1 |
5 |
| Blues |
0 |
1 |
1 |
2 |
|
Shots
|
| Blackhawks |
12 |
11 |
8 |
31 |
| Blues |
10 |
9 |
15 |
34 |
|
1st period
1. Blackhawks , Antoine Roussel 6 (Patrick Kane) at 12:24
2. Blackhawks , Patrick Kaleta 6 (Peter Regin, Denis Grebeshkov) at 17:39
Penalties :
Tomas Fleischmann (Chi) for Hooking (Minor) at 5:54
2nd period
3. Blues , Taylor Pyatt 2 (Alex Pietrangelo, Kevin Porter) at 5:27
4. Blackhawks , Patrick Kane 15 (Derick Brassard) at 6:17
5. Blackhawks , Derick Brassard 10 (Patrick Kane) at 10:24
Penalties :
Ryan Hollweg (Chi) for Hooking (Minor) at 1:20, Tomas Kopecky (STL) for Roughing (Minor) at 7:34, Paul Kariya (STL) for Roughing (Minor) at 11:03, Joe Pavelski (STL) for Interference (Minor) at 16:50
3rd period
6. Blackhawks , Oleg Saprykin 3 (Carson Mcmillan, Ian White) at 3:28
7. Blues , Sergei Shirokov 4 (David Perron, Jake Gardiner) at 11:51 (PP)
Penalties :
Tomas Kopecky (STL) for Interference (Minor) at 0:56, Oleg Saprykin (Chi) for Holding Stick (Minor) at 6:58, Ryan Hollweg (Chi) for Tripping (Minor) at 11:15, Lasse Kukkonen (STL) for Hooking (Minor) at 14:59
Goalie Stats
Jimmy Howard (Chi), 32 saves from 34 shots - (0,941), W, 10-6-1, 60:00 minutes
Ilya Bryzgalov (STL), 13 saves from 14 shots - (0,929), 29:36 minutes
Tuukka Rask (STL), 13 saves from 17 shots - (0,765), L, 7-7-3, 30:24 minutes
Players Stats for Blackhawks
Player Name G A P +/- PIM S H SB GA TA FO MP PP MP PK MP
------------------------------------------------------------------------------------
Antoine Roussel 1 0 1 3 0 2 3 0 0 1 3/4 23:04 5:46 1:56
Brendan Bell 0 0 0 3 0 0 2 1 0 0 0/0 17:05 1:46 2:45
Carson Mcmillan 0 1 1 1 0 0 1 0 0 0 0/0 5:59 0:00 0:00
Dave Tanabe 0 0 0 2 0 0 0 0 1 0 0/0 20:00 5:18 0:08
Denis Grebeshkov 0 1 1 1 0 0 0 3 0 0 0/0 24:05 3:03 2:40
Derick Brassard 1 1 2 2 0 4 4 0 0 0 12/34 24:06 5:46 3:36
Ian White 0 1 1 1 0 1 3 4 1 1 0/0 29:27 6:52 3:53
Jonathan Toews 0 0 0 0 0 0 1 0 1 0 7/15 18:40 4:09 1:56
Joni Pitkanen 0 0 0 0 0 0 1 3 0 0 0/0 10:43 0:00 1:08
Kurt Sauer 0 0 0 1 0 0 1 2 0 1 0/0 18:40 2:51 2:32
Kyle Brodziak 0 0 0 1 0 1 0 0 0 0 2/2 5:59 0:00 0:00
Niclas Bergfors 0 0 0 0 0 6 0 0 0 1 0/0 15:47 4:09 0:00
Oleg Saprykin 1 0 1 0 2 2 2 0 0 0 0/0 6:52 0:00 0:35
Patrick Kaleta 1 0 1 1 0 1 0 0 0 0 1/1 11:15 0:00 1:01
Patrick Kane 1 2 3 2 0 10 1 0 1 2 3/5 24:06 5:46 3:36
Peter Regin 0 1 1 1 0 3 2 0 0 0 2/3 10:14 0:00 0:00
Ryan Hollweg 0 0 0 0 4 1 0 1 1 0 0/2 17:07 4:09 0:26
Tomas Fleischmann 0 0 0 1 2 0 1 0 0 0 0/0 10:14 0:00 0:00
Players Stats for Blues
Player Name G A P +/- PIM S H SB GA TA FO MP PP MP PK MP
------------------------------------------------------------------------------------
Alex Pietrangelo 0 1 1 -1 0 7 1 2 1 0 0/0 25:40 3:47 3:26
Darren Reid 0 0 0 1 0 2 1 0 0 0 0/0 6:40 0:00 0:00
David Perron 0 1 1 -3 0 2 3 1 0 0 1/2 18:49 2:53 0:00
Drew Fata 0 0 0 -1 0 0 2 0 1 1 0/0 26:24 0:00 7:28
Jake Gardiner 0 1 1 -1 0 1 2 0 1 0 0/0 22:28 3:47 2:24
Joe Pavelski 0 0 0 -3 2 3 1 0 0 1 0/0 20:15 3:40 0:00
Kevin Porter 0 1 1 1 0 3 0 0 0 0 2/4 6:40 0:00 0:00
Lasse Kukkonen 0 0 0 -2 2 0 1 0 0 0 0/0 13:12 2:46 0:03
Nicklas Backstrom 0 0 0 -3 0 3 4 0 0 0 21/31 21:06 3:40 1:36
Nik Antropov 0 0 0 -1 0 3 1 0 0 0 5/13 13:59 0:00 5:36
Paul Kariya 0 0 0 -1 2 1 0 0 0 0 0/0 8:18 0:00 0:00
Sergei Shirokov 1 0 1 -1 0 3 0 0 0 0 0/1 18:15 2:53 2:43
Taylor Hall 0 0 0 -1 0 3 2 0 3 0 0/0 16:36 3:40 1:35
Taylor Pyatt 1 0 1 1 0 1 0 0 0 1 0/0 12:45 0:00 5:37
Tomas Kopecky 0 0 0 -1 4 1 0 0 0 0 0/0 8:22 0:00 0:00
Travis Hamonic 0 0 0 -1 0 0 1 2 0 1 0/0 22:12 2:46 6:29
Travis Zajac 0 0 0 -1 0 1 0 0 0 1 7/15 18:15 2:53 2:43
Yann Sauvé 0 0 0 -2 0 0 0 0 0 0 0/0 10:04 0:00 0:00
3 Stars
1 - Patrick Kane (Chi)
2 - Derick Brassard (Chi)
3 - Antoine Roussel (Chi)
Power Play
Blackhawks - 0 on 5 Attempt(s) - 0,00%
Blues - 1 on 4 Attempt(s) - 25,00%
Penalty Kill
Blackhawks - 3 on 4 Attempt(s) - 75,00%
- Score 0 goal in Penalty Kill
Blues - 5 on 5 Attempt(s) - 100,00%
- Score 0 goal in Penalty Kill
Team Stat
Blackhawks - Hits : 22 - Faceoff Wins : 30 - Blocked Shots : 14 - Penalty Minutes : 8
Blues - Hits : 19 - Faceoff Wins : 36 - Blocked Shots : 5 - Penalty Minutes : 10
Official
Referees : Hebert Ghislain and Meier Brad
Linesman : Steve Miller and Brad Kovachik
Game Notes
Joni Pitkanen is injured at 1:26 of 2nd period (Back Spasms)
Ilya Bryzgalov enters game at 10:24 of 2nd period
Finance
Level 1 -- Attendance: 5952 (99,20%) -- Ticket Income 499 968 $
Level 2 -- Attendance: 4922 (98,44%) -- Ticket Income 255 944 $
Level 3 -- Attendance: 1744 (87,20%) -- Ticket Income 52 320 $
Level 4 -- Attendance: 3540 (88,50%) -- Ticket Income 67 260 $
Luxury Box -- Attendance: 834 (83,40%) -- Ticket Income 140 946 $
Game was played at the Scotttrade center.
Total Attendance: 16992 (94,40%)
Total Ticket Income: 1 016 438 $
Other Income: 152 466 $
Total Income: 1 168 904 $
Blackhawks
5 vs 5 Forward
Center Left Wing Right Wing Time % Phy DF OF
1 Derick Brassard Antoine Roussel Patrick Kane 40 1 2 2
2 Jonathan Toews Ryan Hollweg Niclas Bergfors 30 1 2 2
3 Peter Regin Tomas Fleischmann Patrick Kaleta 20 1 2 2
4 Kyle Brodziak Oleg Saprykin Carson Mcmillan 10 1 2 2
5 vs 5 Defense
Defense Defense Time % Phy DF OF
1 Ian White Joni Pitkanen 40 1 2 2
2 Denis Grebeshkov Kurt Sauer 30 1 2 2
3 Dave Tanabe Brendan Bell 20 1 2 2
4 Ian White Joni Pitkanen 10 1 2 2
PowerPlay Forward
Center Left Wing Right Wing Time % Phy DF OF
1 Derick Brassard Antoine Roussel Patrick Kane 60 1 2 2
2 Jonathan Toews Ryan Hollweg Niclas Bergfors 40 1 2 2
PowerPlay Defense
Defense Defense Time % Phy DF OF
1 Ian White Joni Pitkanen 60 1 2 2
2 Denis Grebeshkov Kurt Sauer 40 1 2 2
Penalty Kill 4 Players Forward
Center Wing Time % Phy DF OF
1 Patrick Kane Derick Brassard 60 1 2 2
2 Jonathan Toews Antoine Roussel 40 1 2 2
Penalty Kill 4 Players Defense
Defense Defense Time % Phy DF OF
1 Ian White Joni Pitkanen 60 1 2 2
2 Denis Grebeshkov Kurt Sauer 40 1 2 2
Penalty Kill - 3 Players Forward
Forward Time % Phy DF OF
1 Patrick Kane 60 1 2 2
2 Derick Brassard 40 1 2 2
Penalty Kill - 3 Players Defense
Defense Defense Time % Phy DF OF
1 Ian White Joni Pitkanen 60 1 2 2
2 Denis Grebeshkov Kurt Sauer 40 1 2 2
4 vs 4 Forward
Center Wing Time % Phy DF OF
1 Patrick Kane Derick Brassard 60 1 2 2
2 Jonathan Toews Antoine Roussel 40 1 2 2
4 vs 4 Defense
Defense Defense Time % Phy DF OF
1 Ian White Joni Pitkanen 60 1 2 2
2 Denis Grebeshkov Kurt Sauer 40 1 2 2
Last Minutes Offensive
Center Left Wing Right Wing Defense Defense
Derick Brassard Antoine Roussel Patrick Kane Ian White Joni Pitkanen
Last Minutes Defensive
Center Left Wing Right Wing Defense Defense
Derick Brassard Antoine Roussel Patrick Kane Ian White Joni Pitkanen
Goaltenders
Starting : Jimmy Howard
Backup : Al Montoya
Extra Forwards
Normal : Peter Regin, Tomas Fleischmann, Patrick Kaleta - PP : Peter Regin, Tomas Fleischmann - PK : Patrick Kaleta
Extra Defensemen
Normal : Dave Tanabe, Brendan Bell, Denis Grebeshkov - PP : Dave Tanabe - PK : Brendan Bell, Denis Grebeshkov
Penalty Shots
Patrick Kane, Derick Brassard, Jonathan Toews, Antoine Roussel, Niclas Bergfors
Blues
5 vs 5 Forward
Center Left Wing Right Wing Time % Phy DF OF
1 Nicklas Backstrom David Perron Joe Pavelski 40 1 2 2
2 Travis Zajac Taylor Hall Sergei Shirokov 30 1 2 2
3 Nik Antropov Paul Kariya Tomas Kopecky 20 1 2 2
4 Kevin Porter Taylor Pyatt Darren Reid 10 1 2 2
5 vs 5 Defense
Defense Defense Time % Phy DF OF
1 Drew Fata Alex Pietrangelo 40 1 2 2
2 Travis Hamonic Jake Gardiner 30 1 2 2
3 Yann Sauvé Lasse Kukkonen 20 1 2 2
4 Jake Gardiner Drew Fata 10 1 2 2
PowerPlay Forward
Center Left Wing Right Wing Time % Phy DF OF
1 Nicklas Backstrom Taylor Hall Joe Pavelski 60 1 2 2
2 Travis Zajac David Perron Sergei Shirokov 40 1 2 2
PowerPlay Defense
Defense Defense Time % Phy DF OF
1 Jake Gardiner Alex Pietrangelo 60 1 2 2
2 Travis Hamonic Lasse Kukkonen 40 1 2 2
Penalty Kill 4 Players Forward
Center Wing Time % Phy DF OF
1 Nik Antropov Taylor Pyatt 60 1 2 2
2 Travis Zajac Sergei Shirokov 40 1 2 2
Penalty Kill 4 Players Defense
Defense Defense Time % Phy DF OF
1 Travis Hamonic Drew Fata 60 1 2 2
2 Alex Pietrangelo Drew Fata 40 1 2 2
Penalty Kill - 3 Players Forward
Forward Time % Phy DF OF
1 Nik Antropov 60 1 2 2
2 Taylor Pyatt 40 1 2 2
Penalty Kill - 3 Players Defense
Defense Defense Time % Phy DF OF
1 Travis Hamonic Jake Gardiner 60 1 2 2
2 Alex Pietrangelo Drew Fata 40 1 2 2
4 vs 4 Forward
Center Wing Time % Phy DF OF
1 Travis Zajac David Perron 60 1 2 2
2 Nicklas Backstrom Taylor Hall 40 1 2 2
4 vs 4 Defense
Defense Defense Time % Phy DF OF
1 Drew Fata Alex Pietrangelo 60 1 2 2
2 Yann Sauvé Jake Gardiner 40 1 2 2
Last Minutes Offensive
Center Left Wing Right Wing Defense Defense
Nicklas Backstrom David Perron Joe Pavelski Jake Gardiner Alex Pietrangelo
Last Minutes Defensive
Center Left Wing Right Wing Defense Defense
Nik Antropov David Perron Darren Reid Travis Hamonic Drew Fata
Goaltenders
Starting : Tuukka Rask
Backup : Ilya Bryzgalov
Extra Forwards
Normal : Nicklas Backstrom, Sergei Shirokov, Tomas Kopecky - PP : Nicklas Backstrom, David Perron - PK : Taylor Pyatt
Extra Defensemen
Normal : Drew Fata, Lasse Kukkonen, Jake Gardiner - PP : Yann Sauvé - PK : Travis Hamonic, Jake Gardiner
Penalty Shots
David Perron, Joe Pavelski, Travis Zajac, Nik Antropov, Sergei Shirokov
% Time on Ice - Blackhawks
Lines # - Real PCT - Wanted PCT - Time Play
Normal Forward
1 - 34% - 40% - 14:44
2 - 29% - 30% - 12:35
3 - 24% - 20% - 10:14
4 - 14% - 10% - 5:59
Normal Defense
1 - 44% - 40% - 19:03
2 - 30% - 30% - 13:11
3 - 21% - 20% - 9:03
4 - 5% - 10% - 2:15
PP Forward
1 - 58% - 60% - 5:46
2 - 42% - 40% - 4:09
PP Defense
1 - 71% - 60% - 7:04
2 - 29% - 40% - 2:51
PK Forward
1 - 70% - 60% - 4:37
2 - 30% - 40% - 1:56
PK Defense
1 - 61% - 60% - 4:01
2 - 39% - 40% - 2:32
PK3 Forward
1 - 0% - 60%
2 - 0% - 40%
PK3 Defense
1 - 0% - 60%
2 - 0% - 40%
44 Forward
1 - 0% - 60%
2 - 0% - 40%
44 Defense
1 - 0% - 60%
2 - 0% - 40%
Last Minute Offensive - 0:00
Last Minute Defensive - 0:00
Total
Forward - 60:00
Defense - 60:00
|
% Time on Ice - Blues
Lines # - Real PCT - Wanted PCT - Time Play
Normal Forward
1 - 37% - 40% - 16:17
2 - 29% - 30% - 12:39
3 - 18% - 20% - 7:56
4 - 15% - 10% - 6:40
Normal Defense
1 - 40% - 40% - 17:22
2 - 32% - 30% - 14:02
3 - 23% - 20% - 10:04
4 - 5% - 10% - 2:04
PP Forward
1 - 56% - 60% - 3:40
2 - 44% - 40% - 2:53
PP Defense
1 - 58% - 60% - 3:47
2 - 42% - 40% - 2:46
PK Forward
1 - 73% - 60% - 7:12
2 - 27% - 40% - 2:43
PK Defense
1 - 65% - 60% - 6:29
2 - 35% - 40% - 3:26
PK3 Forward
1 - 0% - 60%
2 - 0% - 40%
PK3 Defense
1 - 0% - 60%
2 - 0% - 40%
44 Forward
1 - 0% - 60%
2 - 0% - 40%
44 Defense
1 - 0% - 60%
2 - 0% - 40%
Last Minute Offensive - 0:00
Last Minute Defensive - 0:00
Total
Forward - 60:00
Defense - 60:00
|
Play by Play
1st period
0:01 of 1st period - Nicklas Backstrom wins face-off versus Derick Brassard in neutral zone.
0:36 of 1st period - Kurt Sauer is hit by Taylor Hall and loses puck.
0:57 of 1st period - Travis Hamonic is hit by Tomas Fleischmann and loses puck.
1:16 of 1st period - Kyle Brodziak is hit by Jake Gardiner and loses puck.
1:37 of 1st period - Wrist shot by Nicklas Backstrom.
1:37 of 1st period - Stopped by Jimmy Howard without a rebound.
1:38 of 1st period - Nicklas Backstrom wins face-off versus Derick Brassard in Blackhawks zone.
2:45 of 1st period - Slapshot by Joe Pavelski.
2:45 of 1st period - Shot Misses the Net.
3:19 of 1st period - Snap shot by Derick Brassard.
3:19 of 1st period - Shot Misses the Net.
3:21 of 1st period - Snap shot by Derick Brassard.
3:21 of 1st period - Stopped by Tuukka Rask without a rebound.
3:22 of 1st period - Jonathan Toews wins face-off versus Travis Zajac in Blues zone.
3:33 of 1st period - Snap shot by Ryan Hollweg.
3:33 of 1st period - Shot Misses the Net.
3:47 of 1st period - Paul Kariya is hit by Peter Regin.
4:37 of 1st period - Wrist shot by Ryan Hollweg.
4:37 of 1st period - Deflect By Niclas Bergfors.
4:37 of 1st period - Shot Hit the Post.
4:37 of 1st period - Puck is out of play.
4:38 of 1st period - Nik Antropov wins face-off versus Peter Regin in Blues zone.
4:47 of 1st period - Wrist shot by Tomas Fleischmann.
4:47 of 1st period - Shot Misses the Net.
4:49 of 1st period - Slapshot by Patrick Kaleta.
4:49 of 1st period - Shot Misses the Net.
5:52 of 1st period - Wrist shot by Nik Antropov.
5:52 of 1st period - Shot Misses the Net.
5:54 of 1st period - Minor Penalty to Tomas Fleischmann for Hooking.
5:55 of 1st period - Patrick Kane wins face-off versus Nicklas Backstrom in Blackhawks zone.
6:02 of 1st period - Wrist shot by Patrick Kane.
6:02 of 1st period - Stopped by Tuukka Rask with a rebound.
7:12 of 1st period - Sergei Shirokov is hit by Kurt Sauer.
7:45 of 1st period - Travis Hamonic is hit by Jonathan Toews and loses puck.
7:54 of 1st period - Penalty to Tomas Fleischmann is over, Tomas Fleischmann is back on ice.
8:52 of 1st period - Snap shot by Patrick Kane.
8:52 of 1st period - Shot Misses the Net.
9:02 of 1st period - Snap shot by Kevin Porter.
9:02 of 1st period - Stopped by Jimmy Howard without a rebound.
9:03 of 1st period - Nicklas Backstrom wins face-off versus Jonathan Toews in Blackhawks zone.
9:04 of 1st period - Snap shot by Joe Pavelski.
9:04 of 1st period - Shot Misses the Net.
9:06 of 1st period - Snap shot by Nicklas Backstrom.
9:06 of 1st period - Shot Blocked by Joni Pitkanen.
9:38 of 1st period - Snap shot by Antoine Roussel.
9:38 of 1st period - Stopped by Tuukka Rask with a rebound.
9:40 of 1st period - Wrist shot by Patrick Kane.
9:40 of 1st period - Stopped by Tuukka Rask without a rebound.
9:41 of 1st period - Travis Zajac wins face-off versus Patrick Kane in Blues zone.
9:41 of 1st period - Travis Zajac is hit by Antoine Roussel.
9:53 of 1st period - Off-side.
9:54 of 1st period - Nicklas Backstrom wins face-off versus Derick Brassard in neutral zone.
10:09 of 1st period - Slapshot by Alex Pietrangelo.
10:09 of 1st period - Stopped by Jimmy Howard without a rebound.
10:10 of 1st period - Travis Zajac wins face-off versus Jonathan Toews in Blackhawks zone.
10:23 of 1st period - Wrist shot by Taylor Hall.
10:23 of 1st period - Shot Hit the Post.
10:25 of 1st period - Snap shot by Travis Zajac.
10:25 of 1st period - Shot Blocked by Joni Pitkanen.
10:47 of 1st period - Patrick Kane is hit by Nicklas Backstrom and loses puck.
11:18 of 1st period - Darren Reid is hit by Ian White and loses puck.
11:43 of 1st period - Wrist shot by Ryan Hollweg.
11:43 of 1st period - Stopped by Tuukka Rask with a rebound.
12:06 of 1st period - Slapshot by Patrick Kane.
12:06 of 1st period - Stopped by Tuukka Rask without a rebound.
12:07 of 1st period - Derick Brassard wins face-off versus Nicklas Backstrom in Blues zone.
12:24 of 1st period - Snap shot by Antoine Roussel.
12:24 of 1st period - Goal by Antoine Roussel - Blackhawks : 1 - Blues : 0.
12:25 of 1st period - Derick Brassard wins face-off versus Travis Zajac in neutral zone.
12:42 of 1st period - Slapshot by Derick Brassard.
12:42 of 1st period - Deflect By Patrick Kane.
12:42 of 1st period - Stopped by Tuukka Rask with a rebound.
12:52 of 1st period - Jonathan Toews is hit by David Perron and loses puck.
13:05 of 1st period - Snap shot by Nicklas Backstrom.
13:05 of 1st period - Shot Blocked by Ryan Hollweg.
13:59 of 1st period - Travis Hamonic is hit by Patrick Kane and loses puck.
14:04 of 1st period - Snap shot by Derick Brassard.
14:04 of 1st period - Stopped by Tuukka Rask with a rebound.
14:10 of 1st period - Snap shot by Travis Zajac.
14:10 of 1st period - Stopped by Jimmy Howard without a rebound.
14:11 of 1st period - Jonathan Toews wins face-off versus Nicklas Backstrom in Blackhawks zone.
15:11 of 1st period - Wrist shot by Paul Kariya.
15:11 of 1st period - Stopped by Jimmy Howard without a rebound.
15:12 of 1st period - Nicklas Backstrom wins face-off versus Derick Brassard in Blackhawks zone.
15:21 of 1st period - Snap shot by Joe Pavelski.
15:21 of 1st period - Stopped by Jimmy Howard without a rebound.
15:22 of 1st period - Nicklas Backstrom wins face-off versus Derick Brassard in Blackhawks zone.
15:53 of 1st period - Wrist shot by Patrick Kane.
15:53 of 1st period - Stopped by Tuukka Rask with a rebound.
16:14 of 1st period - Off-side.
16:15 of 1st period - Travis Zajac wins face-off versus Jonathan Toews in neutral zone.
17:10 of 1st period - Slapshot by Oleg Saprykin.
17:10 of 1st period - Stopped by Tuukka Rask with a rebound.
17:26 of 1st period - Jake Gardiner is hit by Joni Pitkanen and loses puck.
17:39 of 1st period - Wrist shot by Patrick Kaleta.
17:39 of 1st period - Goal by Patrick Kaleta - Blackhawks : 2 - Blues : 0.
17:40 of 1st period - David Perron wins face-off versus Derick Brassard in neutral zone.
17:51 of 1st period - Slapshot by Alex Pietrangelo.
17:51 of 1st period - Stopped by Jimmy Howard with a rebound.
17:53 of 1st period - Backhand shot by Alex Pietrangelo.
17:53 of 1st period - Deflect By Nicklas Backstrom.
17:53 of 1st period - Stopped by Jimmy Howard without a rebound.
17:54 of 1st period - Jonathan Toews wins face-off versus Nicklas Backstrom in Blackhawks zone.
18:05 of 1st period - Slapshot by Alex Pietrangelo.
18:05 of 1st period - Shot Blocked by Ian White.
18:07 of 1st period - Snap shot by Alex Pietrangelo.
18:07 of 1st period - Stopped by Jimmy Howard without a rebound.
18:08 of 1st period - Derick Brassard wins face-off versus Sergei Shirokov in Blackhawks zone.
18:17 of 1st period - Slapshot by Alex Pietrangelo.
18:17 of 1st period - Stopped by Jimmy Howard without a rebound.
18:18 of 1st period - Travis Zajac wins face-off versus Derick Brassard in Blackhawks zone.
18:34 of 1st period - Icing by Kurt Sauer.
18:35 of 1st period - Nicklas Backstrom wins face-off versus Derick Brassard in Blackhawks zone.
18:48 of 1st period - Slapshot by Nicklas Backstrom.
18:48 of 1st period - Deflect By Joe Pavelski.
18:48 of 1st period - Shot Misses the Net.
18:48 of 1st period - Puck is out of play.
18:49 of 1st period - Jonathan Toews wins face-off versus Nicklas Backstrom in Blackhawks zone.
19:03 of 1st period - Alex Pietrangelo is hit by Ian White.
Goals for this period are 2 for Blackhawks vs 0 for Blues.
Shots for this period are 12 for Blackhawks vs 10 for Blues.
2nd period
0:01 of 2nd period - Nicklas Backstrom wins face-off versus Jonathan Toews in neutral zone.
0:36 of 2nd period - Slapshot by Jake Gardiner.
0:36 of 2nd period - Stopped by Jimmy Howard with a rebound.
0:38 of 2nd period - Snap shot by Joe Pavelski.
0:38 of 2nd period - Stopped by Jimmy Howard without a rebound.
0:39 of 2nd period - Travis Zajac wins face-off versus Jonathan Toews in Blackhawks zone.
0:51 of 2nd period - Off-side.
0:52 of 2nd period - Travis Zajac wins face-off versus Derick Brassard in neutral zone.
0:57 of 2nd period - Slapshot by Alex Pietrangelo.
0:57 of 2nd period - Shot Blocked by Ian White.
1:20 of 2nd period - Minor Penalty to Ryan Hollweg for Hooking.
1:21 of 2nd period - Nicklas Backstrom wins face-off versus Patrick Kane in Blackhawks zone.
1:26 of 2nd period - Slapshot by Alex Pietrangelo.
1:26 of 2nd period - Shot Blocked by Joni Pitkanen.
1:26 of 2nd period - Joni Pitkanen from Blackhawks is injured at 1:26 of 2nd period (Back Spasms).
1:27 of 2nd period - Nicklas Backstrom wins face-off versus Derick Brassard in Blackhawks zone.
1:28 of 2nd period - Slapshot by Alex Pietrangelo.
1:28 of 2nd period - Stopped by Jimmy Howard with a rebound.
2:44 of 2nd period - Antoine Roussel is hit by Jake Gardiner and loses puck.
2:55 of 2nd period - Joe Pavelski is hit by Derick Brassard and loses puck.
3:20 of 2nd period - Penalty to Ryan Hollweg is over, Ryan Hollweg is back on ice.
3:26 of 2nd period - Snap shot by Tomas Kopecky.
3:26 of 2nd period - Shot Misses the Net.
3:30 of 2nd period - Slapshot by Nik Antropov.
3:30 of 2nd period - Shot Misses the Net.
3:53 of 2nd period - Icing by Jonathan Toews.
3:54 of 2nd period - Jonathan Toews wins face-off versus Kevin Porter in Blackhawks zone.
4:19 of 2nd period - Jake Gardiner is hit by Brendan Bell and loses puck.
4:54 of 2nd period - Taylor Hall is hit by Oleg Saprykin and loses puck.
5:07 of 2nd period - Peter Regin is hit by Nicklas Backstrom and loses puck.
5:21 of 2nd period - Off-side.
5:22 of 2nd period - Kevin Porter wins face-off versus Derick Brassard in neutral zone.
5:27 of 2nd period - Snap shot by Taylor Pyatt.
5:27 of 2nd period - Goal by Taylor Pyatt - Blackhawks : 2 - Blues : 1.
5:28 of 2nd period - Nicklas Backstrom wins face-off versus Derick Brassard in neutral zone.
5:28 of 2nd period - Nicklas Backstrom is hit by Antoine Roussel.
5:36 of 2nd period - Wrist shot by Joe Pavelski.
5:36 of 2nd period - Stopped by Jimmy Howard with a rebound.
5:44 of 2nd period - Slapshot by Alex Pietrangelo.
5:44 of 2nd period - Stopped by Jimmy Howard without a rebound.
5:45 of 2nd period - Jonathan Toews wins face-off versus Travis Zajac in Blackhawks zone.
6:10 of 2nd period - Joe Pavelski is hit by Derick Brassard and loses puck.
6:17 of 2nd period - Snap shot by Patrick Kane.
6:17 of 2nd period - Goal by Patrick Kane - Blackhawks : 3 - Blues : 1.
6:18 of 2nd period - Derick Brassard wins face-off versus David Perron in neutral zone.
6:27 of 2nd period - Derick Brassard is hit by Nicklas Backstrom and loses puck.
7:12 of 2nd period - Snap shot by Kyle Brodziak.
7:12 of 2nd period - Stopped by Tuukka Rask without a rebound.
7:13 of 2nd period - Kyle Brodziak wins face-off versus Nik Antropov in Blues zone.
7:34 of 2nd period - Minor Penalty to Tomas Kopecky for Roughing.
7:35 of 2nd period - Nik Antropov wins face-off versus Derick Brassard in Blues zone.
8:08 of 2nd period - Snap shot by Jonathan Toews.
8:08 of 2nd period - Deflect By Niclas Bergfors.
8:08 of 2nd period - Stopped by Tuukka Rask without a rebound.
8:09 of 2nd period - Antoine Roussel wins face-off versus Nik Antropov in Blues zone.
8:14 of 2nd period - Snap shot by Patrick Kane.
8:14 of 2nd period - Stopped by Tuukka Rask with a rebound.
8:16 of 2nd period - Wrist shot by Dave Tanabe.
8:16 of 2nd period - Shot Blocked by Travis Hamonic.
9:34 of 2nd period - Penalty to Tomas Kopecky is over, Tomas Kopecky is back on ice.
10:00 of 2nd period - Snap shot by Nik Antropov.
10:00 of 2nd period - Deflect By Tomas Kopecky.
10:00 of 2nd period - Stopped by Jimmy Howard without a rebound.
10:01 of 2nd period - Derick Brassard wins face-off versus Nicklas Backstrom in Blackhawks zone.
10:08 of 2nd period - Snap shot by Patrick Kane.
10:08 of 2nd period - Deflect By David Perron.
10:08 of 2nd period - Shot Blocked by David Perron.
10:08 of 2nd period - Puck is out of play.
10:09 of 2nd period - Nicklas Backstrom wins face-off versus Derick Brassard in Blues zone.
10:24 of 2nd period - Snap shot by Derick Brassard.
10:24 of 2nd period - Goal by Derick Brassard - Blackhawks : 4 - Blues : 1.
10:24 of 2nd period - Ilya Bryzgalov enters game.
10:25 of 2nd period - Nicklas Backstrom wins face-off versus Derick Brassard in neutral zone.
10:28 of 2nd period - Antoine Roussel is hit by David Perron and loses puck.
10:56 of 2nd period - Snap shot by Niclas Bergfors.
10:56 of 2nd period - Stopped by Ilya Bryzgalov with a rebound.
10:58 of 2nd period - Wrist shot by Niclas Bergfors.
10:58 of 2nd period - Shot Misses the Net.
11:00 of 2nd period - Snap shot by Niclas Bergfors.
11:00 of 2nd period - Stopped by Ilya Bryzgalov without a rebound.
11:01 of 2nd period - Nik Antropov wins face-off versus Derick Brassard in Blues zone.
11:03 of 2nd period - Minor Penalty to Paul Kariya for Roughing.
11:04 of 2nd period - Derick Brassard wins face-off versus Nik Antropov in Blues zone.
11:04 of 2nd period - Snap shot by Patrick Kane.
11:04 of 2nd period - Shot Misses the Net.
12:41 of 2nd period - Patrick Kane is hit by Nicklas Backstrom.
13:03 of 2nd period - Penalty to Paul Kariya is over, Paul Kariya is back on ice.
13:15 of 2nd period - Wrist shot by Peter Regin.
13:15 of 2nd period - Stopped by Ilya Bryzgalov with a rebound.
13:17 of 2nd period - Wrist shot by Peter Regin.
13:17 of 2nd period - Stopped by Ilya Bryzgalov with a rebound.
13:19 of 2nd period - Snap shot by Peter Regin.
13:19 of 2nd period - Shot Blocked by Alex Pietrangelo.
13:31 of 2nd period - Wrist shot by Joe Pavelski.
13:31 of 2nd period - Shot Misses the Net.
14:36 of 2nd period - Denis Grebeshkov is hit by Drew Fata and loses puck.
14:45 of 2nd period - Icing by Oleg Saprykin.
14:46 of 2nd period - Kyle Brodziak wins face-off versus Nik Antropov in Blackhawks zone.
15:21 of 2nd period - Joe Pavelski is hit by Brendan Bell and loses puck.
15:28 of 2nd period - Snap shot by Niclas Bergfors.
15:28 of 2nd period - Stopped by Ilya Bryzgalov without a rebound.
15:29 of 2nd period - Patrick Kaleta wins face-off versus Travis Zajac in Blues zone.
16:47 of 2nd period - Wrist shot by Niclas Bergfors.
16:47 of 2nd period - Stopped by Ilya Bryzgalov without a rebound.
16:48 of 2nd period - Nicklas Backstrom wins face-off versus Derick Brassard in Blues zone.
16:50 of 2nd period - Minor Penalty to Joe Pavelski for Interference.
16:51 of 2nd period - Antoine Roussel wins face-off versus Nik Antropov in Blues zone.
17:03 of 2nd period - Snap shot by Nik Antropov.
17:03 of 2nd period - Stopped by Jimmy Howard with a rebound.
17:05 of 2nd period - Snap shot by Nik Antropov.
17:05 of 2nd period - Stopped by Jimmy Howard without a rebound.
17:06 of 2nd period - Derick Brassard wins face-off versus Nik Antropov in Blackhawks zone.
17:49 of 2nd period - Ryan Hollweg is hit by Nik Antropov and loses puck.
18:50 of 2nd period - Penalty to Joe Pavelski is over, Joe Pavelski is back on ice.
19:07 of 2nd period - Joe Pavelski is hit by Carson Mcmillan and loses puck.
Goals for this period are 2 for Blackhawks vs 1 for Blues.
Shots for this period are 11 for Blackhawks vs 9 for Blues.
3rd period
0:01 of 3rd period - Nicklas Backstrom wins face-off versus Derick Brassard in neutral zone.
0:16 of 3rd period - Wrist shot by Derick Brassard.
0:16 of 3rd period - Shot Misses the Net.
0:46 of 3rd period - Ian White is hit by Travis Hamonic and loses puck.
0:53 of 3rd period - Snap shot by Tomas Kopecky.
0:53 of 3rd period - Shot Misses the Net.
0:55 of 3rd period - Snap shot by Nik Antropov.
0:55 of 3rd period - Stopped by Jimmy Howard with a rebound.
0:56 of 3rd period - Minor Penalty to Tomas Kopecky for Interference.
0:57 of 3rd period - Nik Antropov wins face-off versus Derick Brassard in Blues zone.
1:12 of 3rd period - Snap shot by Ian White.
1:12 of 3rd period - Stopped by Ilya Bryzgalov without a rebound.
1:13 of 3rd period - Antoine Roussel wins face-off versus Nik Antropov in Blues zone.
1:50 of 3rd period - Wrist shot by Jonathan Toews.
1:50 of 3rd period - Shot Misses the Net.
1:52 of 3rd period - Slapshot by Dave Tanabe.
1:52 of 3rd period - Shot Misses the Net.
2:56 of 3rd period - Penalty to Tomas Kopecky is over, Tomas Kopecky is back on ice.
3:28 of 3rd period - Snap shot by Oleg Saprykin.
3:28 of 3rd period - Goal by Oleg Saprykin - Blackhawks : 5 - Blues : 1.
3:29 of 3rd period - Derick Brassard wins face-off versus Nicklas Backstrom in neutral zone.
3:29 of 3rd period - Derick Brassard is hit by David Perron.
3:33 of 3rd period - Snap shot by Antoine Roussel.
3:33 of 3rd period - Shot Misses the Net.
4:19 of 3rd period - Slapshot by Alex Pietrangelo.
4:19 of 3rd period - Deflect By Tomas Fleischmann.
4:19 of 3rd period - Stopped by Jimmy Howard with a rebound.
4:21 of 3rd period - Wrist shot by Darren Reid.
4:21 of 3rd period - Shot Misses the Net.
4:23 of 3rd period - Wrist shot by Drew Fata.
4:23 of 3rd period - Shot Blocked by Denis Grebeshkov.
4:27 of 3rd period - Snap shot by Darren Reid.
4:27 of 3rd period - Deflect By Taylor Pyatt.
4:27 of 3rd period - Shot Blocked by Kurt Sauer.
4:27 of 3rd period - Puck is out of play.
4:28 of 3rd period - Nicklas Backstrom wins face-off versus Derick Brassard in Blackhawks zone.
4:55 of 3rd period - Icing by Patrick Kane.
4:56 of 3rd period - Jonathan Toews wins face-off versus Travis Zajac in Blackhawks zone.
5:03 of 3rd period - Slapshot by Travis Zajac.
5:03 of 3rd period - Shot Misses the Net.
5:05 of 3rd period - Slapshot by Travis Zajac.
5:05 of 3rd period - Deflect By Taylor Hall.
5:05 of 3rd period - Stopped by Jimmy Howard with a rebound.
5:11 of 3rd period - Wrist shot by Sergei Shirokov.
5:11 of 3rd period - Stopped by Jimmy Howard without a rebound.
5:12 of 3rd period - Derick Brassard wins face-off versus Nicklas Backstrom in Blackhawks zone.
5:49 of 3rd period - Wrist shot by Patrick Kane.
5:49 of 3rd period - Stopped by Ilya Bryzgalov with a rebound.
5:53 of 3rd period - Snap shot by Derick Brassard.
5:53 of 3rd period - Shot Blocked by Travis Hamonic.
5:55 of 3rd period - Slapshot by Derick Brassard.
5:55 of 3rd period - Stopped by Ilya Bryzgalov without a rebound.
5:56 of 3rd period - Nicklas Backstrom wins face-off versus Jonathan Toews in Blues zone.
6:40 of 3rd period - Slapshot by Alex Pietrangelo.
6:40 of 3rd period - Shot Blocked by Denis Grebeshkov.
6:42 of 3rd period - Backhand shot by Nik Antropov.
6:42 of 3rd period - Shot Blocked by Denis Grebeshkov.
6:52 of 3rd period - Snap shot by Paul Kariya.
6:52 of 3rd period - Shot Blocked by Ian White.
6:58 of 3rd period - Minor Penalty to Oleg Saprykin for Holding Stick.
6:59 of 3rd period - Patrick Kane wins face-off versus Nicklas Backstrom in Blackhawks zone.
7:38 of 3rd period - Wrist shot by David Perron.
7:38 of 3rd period - Stopped by Jimmy Howard with a rebound.
7:40 of 3rd period - Snap shot by David Perron.
7:40 of 3rd period - Shot Blocked by Kurt Sauer.
8:58 of 3rd period - Penalty to Oleg Saprykin is over, Oleg Saprykin is back on ice.
9:08 of 3rd period - Paul Kariya is hit by Oleg Saprykin and loses puck.
9:29 of 3rd period - Wrist shot by Kevin Porter.
9:29 of 3rd period - Shot Blocked by Brendan Bell.
9:31 of 3rd period - Slapshot by Kevin Porter.
9:31 of 3rd period - Deflect By Darren Reid.
9:31 of 3rd period - Stopped by Jimmy Howard without a rebound.
9:32 of 3rd period - Peter Regin wins face-off versus Kevin Porter in Blackhawks zone.
10:15 of 3rd period - Taylor Pyatt is hit by Ian White and loses puck.
10:22 of 3rd period - Snap shot by Kevin Porter.
10:22 of 3rd period - Stopped by Jimmy Howard with a rebound.
10:24 of 3rd period - Slapshot by Lasse Kukkonen.
10:24 of 3rd period - Shot Blocked by Ian White.
10:26 of 3rd period - Slapshot by Darren Reid.
10:26 of 3rd period - Stopped by Jimmy Howard with a rebound.
10:28 of 3rd period - Wrist shot by Kevin Porter.
10:28 of 3rd period - Stopped by Jimmy Howard without a rebound.
10:29 of 3rd period - Nicklas Backstrom wins face-off versus Derick Brassard in Blackhawks zone.
11:04 of 3rd period - Snap shot by Taylor Hall.
11:04 of 3rd period - Stopped by Jimmy Howard without a rebound.
11:05 of 3rd period - Nicklas Backstrom wins face-off versus Ryan Hollweg in Blackhawks zone.
11:06 of 3rd period - Snap shot by David Perron.
11:06 of 3rd period - Stopped by Jimmy Howard without a rebound.
11:07 of 3rd period - Nicklas Backstrom wins face-off versus Jonathan Toews in Blackhawks zone.
11:15 of 3rd period - Minor Penalty to Ryan Hollweg for Tripping.
11:16 of 3rd period - Patrick Kane wins face-off versus Nicklas Backstrom in Blackhawks zone.
11:51 of 3rd period - Slapshot by David Perron.
11:51 of 3rd period - Deflect By Sergei Shirokov.
11:51 of 3rd period - Goal by Sergei Shirokov - Blackhawks : 5 - Blues : 2.
11:52 of 3rd period - Nicklas Backstrom wins face-off versus Ryan Hollweg in neutral zone.
12:05 of 3rd period - Wrist shot by Niclas Bergfors.
12:05 of 3rd period - Stopped by Ilya Bryzgalov with a rebound.
12:07 of 3rd period - Slapshot by Brendan Bell.
12:07 of 3rd period - Shot Misses the Net.
12:17 of 3rd period - Alex Pietrangelo is hit by Peter Regin and loses puck.
12:22 of 3rd period - Snap shot by Peter Regin.
12:22 of 3rd period - Stopped by Ilya Bryzgalov without a rebound.
12:23 of 3rd period - Peter Regin wins face-off versus Travis Zajac in Blues zone.
12:40 of 3rd period - Wrist shot by Sergei Shirokov.
12:40 of 3rd period - Stopped by Jimmy Howard with a rebound.
13:10 of 3rd period - Travis Hamonic is hit by Derick Brassard and loses puck.
13:29 of 3rd period - Icing by Travis Hamonic.
13:30 of 3rd period - Kevin Porter wins face-off versus Jonathan Toews in Blues zone.
13:55 of 3rd period - Dave Tanabe is hit by Joe Pavelski and loses puck.
14:18 of 3rd period - Snap shot by Niclas Bergfors.
14:18 of 3rd period - Shot Blocked by Alex Pietrangelo.
14:34 of 3rd period - Snap shot by Nicklas Backstrom.
14:34 of 3rd period - Stopped by Jimmy Howard without a rebound.
14:35 of 3rd period - Travis Zajac wins face-off versus Antoine Roussel in Blackhawks zone.
14:36 of 3rd period - Slapshot by Taylor Hall.
14:36 of 3rd period - Stopped by Jimmy Howard without a rebound.
14:37 of 3rd period - Derick Brassard wins face-off versus Travis Zajac in Blackhawks zone.
14:37 of 3rd period - Derick Brassard is hit by Lasse Kukkonen.
14:59 of 3rd period - Minor Penalty to Lasse Kukkonen for Hooking.
15:00 of 3rd period - Derick Brassard wins face-off versus Nik Antropov in Blues zone.
15:01 of 3rd period - Snap shot by Patrick Kane.
15:01 of 3rd period - Stopped by Ilya Bryzgalov without a rebound.
15:02 of 3rd period - Nik Antropov wins face-off versus Derick Brassard in Blues zone.
15:34 of 3rd period - Off-side.
15:35 of 3rd period - Derick Brassard wins face-off versus Travis Zajac in neutral zone.
15:46 of 3rd period - Patrick Kane is hit by Alex Pietrangelo.
16:05 of 3rd period - Kurt Sauer is hit by Drew Fata and loses puck.
16:59 of 3rd period - Penalty to Lasse Kukkonen is over, Lasse Kukkonen is back on ice.
17:39 of 3rd period - Snap shot by Oleg Saprykin.
17:39 of 3rd period - Shot Misses the Net.
17:59 of 3rd period - Lasse Kukkonen is hit by Antoine Roussel.
19:29 of 3rd period - Dave Tanabe is hit by Darren Reid and loses puck.
19:40 of 3rd period - Derick Brassard is hit by Taylor Hall and loses puck.
19:47 of 3rd period - Sergei Shirokov is hit by Derick Brassard and loses puck.
19:58 of 3rd period - Wrist shot by Patrick Kane.
19:58 of 3rd period - Stopped by Ilya Bryzgalov with a rebound.
Goals for this period are 1 for Blackhawks vs 1 for Blues.
Shots for this period are 8 for Blackhawks vs 15 for Blues.
Back to the Top